 Dungeon Crawl Stone Soup version 0.25.1-2-g60ff931df9 (webtiles) character file.

Game seed: 9732419615305566005

159 nikku the Sneak (level 5, 27/27 HPs)
             Began as a Spriggan Assassin on Sept 5, 2020.
             Quit the game on level 4 of the Dungeon on Sept 25, 2020.
             The game lasted 00:12:15 (4097 turns).

nikku the Sneak (Spriggan Assassin)                 Turns: 4097, Time: 00:12:16

Health: 27/27      AC:  3    Str:  8    XL:     5   Next: 17%
Magic:  6/6        EV: 19    Int: 12    God:
Gold:   177        SH:  0    Dex: 18    Spells: 4/4 levels left

rFire    + . .     SeeInvis +   a - +2 dagger
rCold    . . .     Gourm    .   (shield restricted)
rNeg     . . .     Faith    .   g - +0 robe
rPois    .         Spirit   .   (helmet restricted)
rElec    .         Reflect  .   c - +0 cloak
rCorr    .         Harm     .   (gloves unavailable)
MR       .....                  (boots unavailable)
Stlth    ++++......             (no amulet)
HPRegen  0.09/turn              p - ring of fire
MPRegen  0.10/turn              n - ring of protection from cold

@: very quick
A: very small, unfitting armour, see invisible, herbivore, speed 3, slow
metabolism 2
a: no special abilities


You were on level 4 of the Dungeon.
You were hungry.

You visited 1 branch of the dungeon, and saw 4 of its levels.

You collected 177 gold pieces.

Inventory:

Hand Weapons
 a - a +2 dagger (weapon)
 b - a +0 hunting sling
Missiles
 d - 57 poisoned darts (quivered)
 e - 2 curare-tipped darts
 h - 106 stones
Armour
 c - a +0 cloak (worn)
 g - a +0 robe (worn)
Jewellery
 i - an uncursed ring of magical power
 j - an uncursed ring of flight
 n - a ring of protection from cold (right hand)
 p - a ring of fire (left hand)
Scrolls
 l - 3 scrolls of teleportation
 r - 3 scrolls of identify
Potions
 m - 2 potions of flight
 q - a potion of haste
 s - a potion of cancellation
Comestibles
 f - 8 rations


   Skills:
 + Level 2.4 Fighting
 + Level 3.2 Short Blades
 + Level 3.0 Throwing
 + Level 3.4 Dodging
 + Level 6.8 Stealth


You had 4 spell levels left.
You didn't know any spells.
Your spell library was empty.

Dungeon Overview and Level Annotations

Branches:
Dungeon (4/15)
 Temple: D:4-7

Altars:
Ashenzari
Makhleb
Zin


Innate Abilities, Weirdness & Mutations

You are very small and have problems with some larger weapons.
You are too small for most types of armour.
You have supernaturally acute eyesight. (SInv)
You are a herbivore.
You cover ground extremely quickly.
You need to consume almost no food.


Message History

The bullfrog skeleton completely misses you.
You hit the bullfrog skeleton.
The bullfrog skeleton is almost destroyed.
The bullfrog skeleton misses you.
You hit the bullfrog skeleton.
The bullfrog skeleton is almost destroyed.
The bullfrog skeleton barely misses you.
You hit the bullfrog skeleton.
You destroy the bullfrog skeleton!
Your Throwing skill increases to level 3!
You have reached level 5!
You feel agile.
HP restored.
As you open the door, it creaks loudly!
There is an open door here.
Found a falchion.
Saving game... please wait.
Welcome back, nikku the Spriggan Assassin.
Press ? for a list of commands and other information.
Are you sure you want to abandon this character and quit the game? (Confirm with "yes".)

#..### #..#.## .... ...
#. #..#..## ...#... #..
### #......##).!#.. #...
..###.......##..#.##....
...##..#.....######...
.#.#.>........#...#..
...#....#######._?######
.#.#..........#.@.#.....
...#..........#'####....
.###<........##.#..# .
#.....>#....##..#...#
.#######...##...#....#
## #..##....#.....# #
#.##.....#......# #
###......#....... ##
###..###


There were no monsters in sight!

Vanquished Creatures
  A bullfrog skeleton (D:4)
  Crazy Yiuf (D:3)
  3 adders
  A worm (D:3)
  2 leopard geckos
  4 orcs (D:3)
  8 bats
  3 giant cockroaches
  7 goblins
  12 hobgoblins
  9 kobolds
  A quokka (D:3)
  A ball python (D:3)
  4 frilled lizards
  8 rats
65 creatures vanquished.

Notes
Turn   | Place    | Note
-------+----------+-------------------------------------------
     0 | D:1      | nikku the Spriggan Assassin began the quest for the Orb.
     0 | D:1      | Reached XP level 1. HP: 10/10 MP: 2/2
   683 | D:1      | Reached skill level 6 in Stealth
   716 | D:1      | Reached XP level 2. HP: 15/15 MP: 3/3
  1632 | D:2      | Reached XP level 3. HP: 18/18 MP: 4/4
  2823 | D:3      | Found a glowing silver altar of Zin.
  2824 | D:3      | Found a burning altar of Makhleb.
  2905 | D:3      | Noticed a balrug
  2905 | D:3      | Noticed an angel
  2967 | D:3      | Reached XP level 4. HP: 23/23 MP: 5/5
  3479 | D:3      | Found a runed translucent door.
  3480 | D:3      | Noticed Crazy Yiuf
  3685 | D:3      | Killed Crazy Yiuf
  3720 | D:4      | Found a shattered altar of Ashenzari.
  3815 | D:4      | Reached XP level 5. HP: 3/27 MP: 6/6
  4097 | D:4      | Quit the game

Illustrated notes

Levels and vault maps discovered:
D:1:      psy_arrival_whirlpool, layout_loops_corners, minmay_pentomino_q2
D:2:      layout_loops_ring
D:3:      layout_basic, grunt_temple_overflow_order_and_chaos_2, first_ration,
          serial_bayou, serial_bayou_lake_a, serial_bayou_crossing,
          serial_bayou_lagoon_b, serial_bayou_ford_a, serial_bayou_shore_b,
          serial_bayou_shore_a, serial_bayou_pond_b, uniq_crazy_yiuf_cottage
D:4:      layout_loops_ring, nicolae_ashenzari_panopticon, serial_glass,
          glass_columns_a, glass_columns_c, uniq_sigmund, uniq_edmund

Skill      XL: |  1  2  3  4 |
---------------+-------------+-----
Stealth        | 6 |  6.8
Dodging        | 2 3 |  3.4
Fighting       | 2 |  2.4
Short Blades   | 3 |  3.2
Throwing       | 3 |  3.0

Action                   |  1- 3 |  4- 6 || total
-------------------------+-------+-------++-------
Melee: Dagger            |   131 |    54 ||   185
 Fire: Hunting sling     |    50 |       ||    50
Throw: Dart              |    11 |     2 ||    13
  Use: Scroll            |     5 |     2 ||     7
       Potion            |       |     2 ||     2
 Stab: Sleeping          |    16 |     7 ||    23
Armor: Robe              |    25 |     7 ||    32
Dodge: Dodged            |   103 |    42 ||   145
